 Dungeon Crawl Stone Soup version 0.18.1-48-g4cf74bf (webtiles) character file.

108 MistressOfTheDunes the Insei (level 4, -7/35 HPs)
             Began as a Mummy Monk on June 24, 2016.
             Mangled by an orc wizard
             ... wielding a +4 dagger of electrocution
              (10 damage)
             ... on level 3 of the Dungeon.
             The game lasted 00:02:36 (2855 turns).

MistressOfTheDunes the Insei (Mummy Monk)           Turns: 2855, Time: 00:02:37

Health: -7/35      AC:  4    Str: 14    XL:     4   Next: 58%
Magic:  4/4        EV: 13    Int:  9    God:
Gold:   149        SH:  0    Dex: 15    Spells: 0 memorised, 3 levels left

rFire  x . .     SeeInvis .       - Unarmed
rCold  + . .     Gourm    .     (no armour)
rNeg   + + +     Faith    .     (no shield)
rPois  ∞         Spirit   .     c - +2 helmet
rElec  .         Dismiss  .     g - +0 cloak
rCorr  .         Reflect  .     (no gloves)
SustAt .         Harm     .     (no boots)
MR     .....                    (no amulet)
Stlth  ++........               (no ring)
                                (no ring)

@: not resistant to hostile enchantments, unstealthy
A: no food or potions, fire vulnerability, cold resistance 1, negative energy
resistance 3, torment resistance, unbreathing
a: no special abilities


You were on level 3 of the Dungeon.
You were not hungry.

You visited 1 branch of the dungeon, and saw 3 of its levels.

You collected 149 gold pieces.


Innate Abilities, Weirdness & Mutations

You do not eat or drink.
Your flesh is vulnerable to fire.
You are immune to poison.
Your flesh is cold resistant.
You are immune to negative energy.
You are immune to unholy pain and torment.
You can survive without breathing.


   Skills:
 - Level 3.0 Fighting
 - Level 2.4 Dodging
 - Level 1.5 Stealth
 + Level 5.0 Unarmed Combat


You had 3 spell levels left.
You didn't know any spells.

Inventory:

Armour
 c - a +2 helmet (worn)
 g - a +0 cloak (worn)
Scrolls
 a - 2 scrolls of immolation {unknown}
 b - 2 scrolls of identify {unknown}
 d - a scroll of enchant armour {unknown}
 e - a scroll of remove curse
 f - a scroll of amnesia {unknown}

Dungeon Overview and Level Annotations

Branches:
Dungeon (3/15)

Altars:

........▒ ▒.▒ ▒.▒
........▒ ▒.▒ ▒.▒
........▒ ▒.▒ ▒.▒
........▒▒▒▒▒.▒▒▒▒.▒
.................▒.▒
▒▒▒▒▒▒▒▒▒▒▒▒▒.▒▒.▒.▒
.........▒▒.▒.▒
▒▒▒▒▒▒▒▒▒▒▒▒▒▒.▒
.....ooM.....▒.▒.▒
▒▒▒▒▒▒▒▒▒▒▒▒.▒.▒.▒
▒.▒.▒.▒ ▒.▒.▒.▒
▒▒▒▒▒▒▒▒▒▒.▒.▒.▒
...........▒.▒[▒
...........▒.▒.▒
......)........▒
..........▒▒.▒▒▒


You could see an orc wizard and an orc.


Message History

The orc wizard is heavily wounded!
The orc wizard closely misses you!
You closely miss the orc wizard!
The orc wizard is heavily wounded!
The orc wizard closely misses you!
You closely miss the orc wizard!
The orc wizard is heavily wounded!
The orc wizard hits you with a dagger of electrocution!
The orc wizard closely misses you!
You pummel the orc wizard but do no damage!
The orc wizard is moderately wounded!
The orc wizard looks braver for a moment!
You squash the orc wizard like an ant!
The orc wizard is heavily wounded!
The orc wizard hits you with a dagger of electrocution!
You barely miss the orc wizard!
The orc wizard is heavily wounded!
The orc wizard hits you with a dagger of electrocution!
The orc wizard completely misses you!
You pulverise the orc wizard!
The orc wizard is severely wounded!
The orc wizard hits you but does no damage!
You are electrocuted!!! * * * don't die
* * * You barely miss the orc wizard!
The orc wizard is severely wounded!
The orc wizard hits you with a dagger of electrocution! * * * don't die
* * * You are electrocuted!!! rip

Action                   |  1- 3 |  4- 6 || total
-------------------------+-------+-------++-------
Melee: Unarmed           |   167 |    99 ||   266
       Punch             |     4 |       ||     4
  Use: Scroll            |     2 |       ||     2
 Stab: Sleeping          |     8 |     1 ||     9
Armor: Skin              |    21 |    26 ||    47
Dodge: Dodged            |    93 |    63 ||   156

Vault maps used:
D:1:      minmay_arrival_split_and_join
D:2:      minmay_bad_closet, minmay_misc_feat_columns, minmay_misc_feat_plants
D:3:      marbit_many_paths, nicolae_ru_awakened_eye, elyvilon_altar_5

Notes
Turn   | Place    | Note
--------------------------------------------------------------
     0 | D:1      | MistressOfTheDunes the Mummy Monk began the quest for the Orb.
     0 | D:1      | Reached XP level 1. HP: 18/18 MP: 1/1
   257 | D:1      | Reached XP level 2. HP: 23/24 MP: 2/2
   804 | D:1      | Reached skill level 4 in Unarmed Combat
   901 | D:1      | Reached XP level 3. HP: 14/29 MP: 3/3
  2087 | D:2      | Reached XP level 4. HP: 32/35 MP: 4/4
  2752 | D:2      | Reached skill level 5 in Unarmed Combat
  2855 | D:3      | HP: 3/35 [orc wizard/dagger of electrocution (5)]
  2855 | D:3      | Mangled by an orc wizard

Vanquished Creatures
  3 adders (D:2)
  3 oozes (D:1)
  3 worms (D:2)
  5 dart slugs
  4 giant geckos
  An orc (D:3)
  A giant cockroach (D:2)
  6 goblins
  4 hobgoblins
  7 bats
  4 giant newts
  3 kobolds
  8 rats
52 creatures vanquished.
